 Dungeon Crawl Stone Soup version 0.28-a0-1510-gd0f6b136d3 (webtiles) character file.

Game seed: 8928141709531954620

263134 ragingrage the Severer (level 20, -3/139 HPs)
             Began as a Gargoyle Artificer on Jan 14, 2022.
             Was the Champion of Okawaru.
             Slain by an orc knight (24 damage)
             ... on level 2 of the Vaults.
             The game lasted 01:00:43 (41031 turns).

ragingrage the Severer (Gargoyle Artificer)        Turns: 41031, Time: 01:00:43

Health: -3/139     AC: 41    Str: 24    XL:     20   Next: 1%
Magic:  0/25       EV: 11    Int: 21    God:    Okawaru [******]
Gold:   950        SH:  0    Dex: 19    Spells: 19/19 levels left

rFire   + + +      SeeInvis +   b - +11 broad axe of Okawaru's Whim {vorpal, *Rage Will++ Dex+2}
rCold   + + .      Faith    .   F - orb {light}
rNeg    + + +      Spirit   +   L - +7 chain mail "Lipaaff" {Will- Int+3 Stlth+}
rPois   ∞          Reflect  .   J - +1 helmet of Spite {rPois rN++ Regen+ rCorr}
rElec   +          Harm     .   R - scarf {rC+ rF+}
rCorr   +          Rampage  .   m - +0 pair of gloves of Jaaclie {rC+ rN+ Str+4 Dex+2}
Will    ++++.      Rage     20% I - +1 pair of boots of Okawaru's Regard {rF+ Will++ Int+3 Stlth+}
Stlth   +.........              f - amulet of guardian spirit
HPRegen 1.13/turn               Z - ring "Hyclaice" {rF+ Dex+3 SInv}
MPRegen 0.19/turn               z - +4 ring of slaying

@: on berserk cooldown, flying, slowed, glowing, very slow
A: sickness immunity, AC +15, big wings, negative energy resistance 1,
electricity resistance, torment resistance 1, petrification resistance
}: 2/15 runes: decaying, serpentine
a: Renounce Religion, Heroism, Finesse, Duel


You were on level 2 of the Vaults.
You worshipped Okawaru.
Okawaru was exalted by your worship.
You visited 7 branches of the dungeon, and saw 33 of its levels.
You visited the Abyss 1 time.
You also visited: Ice Cave and Volcano.

You collected 3669 gold pieces.
You spent 2719 gold pieces at shops.

Inventory:

Hand Weapons
 a - a +6 arbalest
 b - the +11 broad axe of Okawaru's Whim (weapon) {vorpal, *Rage Will++ Dex+2}
   (Okawaru gifted it to you on level 12 of the Dungeon)

   It inflicts extra damage upon your enemies.
   Dex:       It affects your dexterity (+2).
   *Rage:     It berserks you when you make melee attacks (+20% chance).
   Will:      It greatly increases your willpower.
 h - a +7 vorpal executioner's axe
 S - a +4 battleaxe of flaming
 T - the +7 war axe of the Magi {flame, Dex+4}
   (You bought it in a shop on level 5 of the Dungeon)

   It burns those it strikes, dealing additional fire damage.
   Big, fiery blades are also staple armaments of hydra-hunters.
   Dex:       It affects your dexterity (+4).
Missiles
 p - 403 bolts
 C - 4 throwing nets (quivered)
 W - 3 curare-tipped darts
Armour
 m - the +0 pair of gloves of Jaaclie (worn) {rC+ rN+ Str+4 Dex+2}
   (Okawaru gifted it to you on level 9 of the Dungeon)

   Str:       It affects your strength (+4).
   Dex:       It affects your dexterity (+2).
   rC:        It protects you from cold.
   rN:        It protects you from negative energy.
 F - an orb of light (worn)
 I - the +1 pair of boots of Okawaru's Regard (worn) {rF+ Will++ Int+3 Stlth+}
   (Okawaru gifted it to you on level 2 of the Swamp)

   Int:       It affects your intelligence (+3).
   rF:        It protects you from fire.
   Will:      It greatly increases your willpower.
   Stlth:     It makes you more stealthy.
 J - the +1 helmet of Spite (worn) {rPois rN++ Regen+ rCorr}
   (Okawaru gifted it to you on level 11 of the Dungeon)

   rPois:     It protects you from poison.
   rN:        It greatly protects you from negative energy.
   Regen:     It increases your rate of health regeneration.
   rCorr:     It protects you from acid and corrosion.
 L - the +7 chain mail "Lipaaff" (worn) {Will- Int+3 Stlth+}
   (Okawaru gifted it to you on level 1 of the Lair of Beasts)

   Int:       It affects your intelligence (+3).
   Will:      It decreases your willpower.
   Stlth:     It makes you more stealthy.
 R - a scarf of resistance (worn)
Jewellery
 f - an amulet of guardian spirit (around neck)
 z - a +4 ring of slaying (right hand)
 Z - the ring "Hyclaice" (left hand) {rF+ Dex+3 SInv}
   (You found it on level 12 of the Dungeon)

   [ring of protection from fire]

   Dex:       It affects your dexterity (+3).
   rF:        It protects you from fire.
   SInv:      It lets you see invisible.
Wands
 c - a wand of flame (85)
 k - a wand of acid (20)
 u - a wand of iceblast (13)
 B - a wand of mindburst (33)
 D - a wand of polymorph (14)
 O - a wand of paralysis (13)
 Y - a wand of digging (2)
Scrolls
 r - 17 scrolls of identify
 s - 3 scrolls of blinking
 v - 7 scrolls of fog
 w - 16 scrolls of teleportation
 x - 2 scrolls of enchant weapon
 y - 5 scrolls of silence
 G - 4 scrolls of magic mapping
 Q - a scroll of amnesia
 V - 4 scrolls of enchant armour
 X - a scroll of summoning
Potions
 d - 3 potions of mutation
 g - 6 potions of ambrosia
 i - 8 potions of heal wounds
 j - 5 potions of curing
 l - 3 potions of might
 n - 4 potions of degeneration
 o - a potion of cancellation
 q - 11 potions of attraction
 t - 6 potions of magic
 A - 3 potions of resistance
 E - 5 potions of lignification
 M - 5 potions of haste
 U - 2 potions of berserk rage
Miscellaneous
 e - a piece from Xom's chessboard (15/15)
 H - a tin of tremorstones (2/2)
 K - a phial of floods
 N - a condenser vane
 P - a lightning rod (4/4)


   Skills:
 + Level 19.0 Fighting
 + Level 20.3 Axes
 - Level 5.6 Crossbows
 - Level 13.0 Armour
 - Level 5.0 Dodging
 - Level 1.1 Stealth
 + Level 7.7 Invocations
 - Level 15.0 Evocations


You had 19 spell levels left.
You didn't know any spells.
Your spell library contained the following spells:

 Spells                   Type           Power      Damage    Failure   Level
 Foxfire                  Conj/Fire      0%         2x1d4     63%         1
 Freeze                   Ice            0%         1d3       63%         1
 Magic Dart               Conj           0%         1d3       63%         1
 Corpse Rot               Necr/Air       0%         N/A       77%         2
 Poisonous Vapours        Pois/Air       0%         N/A       77%         2
 Scorch                   Fire           0%         2d5       77%         2
 Searing Ray              Conj           0%         2d4       77%         2
 Static Discharge         Conj/Air       0%         N/A       77%         2
 Confusing Touch          Hex            0%         N/A       94%         3
 Conjure Flame            Conj/Fire      0%         6-21      94%         3
 Dazzling Flash           Conj/Hex       0%         N/A       94%         3
 Frozen Ramparts          Ice            0%         1d2       94%         3
 Gell's Gravitas          Tloc           0%         N/A       94%         3
 Inner Flame              Hex/Fire       0%         N/A       94%         3
 Lesser Beckoning         Tloc           0%         N/A       94%         3
 Ozocubu's Armour         Ice            0%         N/A       94%         3
 Portal Projectile        Hex/Tloc       0%         N/A       94%         3
 Teleport Other           Tloc           0%         N/A       94%         3
 Flame Wave               Conj/Fire      0%         2d4       100%        4
 Fulminant Prism          Conj/Hex       0%         3d6       100%        4
 Hailstorm                Conj/Ice       0%         3d3       100%        4
 Ice Form                 Ice/Tmut       0%         N/A       100%        4
 Iskenderun's Mystic Bla  Conj/Tloc      0%         2d3       100%        4
 Leda's Liquefaction      Hex/Erth       0%         N/A       100%        4
 Petrify                  Tmut/Erth      0%         N/A       100%        4
 Sticky Flame             Conj/Fire      0%         2d3       100%        4
 Blade Hands              Tmut           0%         N/A       100%        5
 Fireball                 Conj/Fire      0%         3d3       100%        5
 Irradiate                Conj/Tmut      0%         3d13      100%        5
 Lightning Bolt           Conj/Air       0%         1d11      100%        5
 Yara's Violent Unravell  Hex/Tmut       0%         3d3       100%        5
 Iron Shot                Conj/Erth      0%         9d1       100%        6
 Starburst                Conj/Fire      0%         6d3       100%        6
 Dragon Form              Tmut           0%         N/A       100%        7
 Enfeeble                 Hex            0%         N/A       100%        7
 Ozocubu's Refrigeration  Ice            0%         4d5       100%        7
 Ignition                 Fire           0%         3d3       100%        8
 Maxwell's Capacitive Co  Air            0%         ∞         100%        8
 Sublimation of Blood     Necr           Unusable   N/A       N/A         2
 Call Canine Familiar     Summ           Unusable   N/A       N/A         3
 Animate Armour           Summ/Erth      Unusable   N/A       N/A         4
 Summon Ice Beast         Ice/Summ       Unusable   N/A       N/A         4

Dungeon Overview and Level Annotations

Branches:
Dungeon (14/15)            Temple (1/1) D:4            Lair (6/6) D:10
  Swamp (4/4) Lair:2        Snake (4/4) Lair:2        Slime (0/5) Lair:5
    Orc (2/2) D:11            Elf (0/3) Orc:2        Vaults (2/5) D:13
  IceCv (visited)         Volcano (visited)
  Crypt: Vaults:2-3

Altars:
Ashenzari
Cheibriados
Dithmenos
Elyvilon
Fedhas
Gozag
Hepliaklqana
Kikubaaqudgha
Makhleb
Nemelex Xobeh
Okawaru
Qazlal
Ru
Sif Muna
Trog
Uskayaw
Vehumet
Wu Jian
Xom
Yredelemnul
Zin
The Shining One
Beogh
Jiyva

Shops:
D:5 ?*([   D:8 *   D:11 ((*[:   D:12 ?   D:14 (   Orc:2 ?(*[=   Snake:1 **
Snake:3 (   Snake:4 *

Annotations:
D:2 exclusion: downstairs
D:3 3 runed translucent doors, HuGe's ghost, amateur MiBe
D:6 3 runed translucent doors, bronco's ghost, novice OpVM; comborobin's ghost, novice OgDe


Innate Abilities, Weirdness & Mutations

You are immune to sickness and miasma.
Your stone body is resilient. (AC +15)
You are immune to poison.
Your large and strong wings let you fly.
You resist negative energy. (rN+)
You are resistant to electric shocks. (rElec)
You are resistant to unholy torment.
You are immune to petrification.


Message History

The orc knight hits you with a +3 war axe of freezing!!
The orc knight freezes you.
There is an open door here.
You slice the orc knight!!
The orc knight is heavily wounded.
You hit the orc knight but do no damage.
The orc knight barely misses you.
The orc knight hits you but does no damage.
You hit the orc knight.
The orc knight is heavily wounded.
You slice the orc knight!!
The orc knight hits you with a +0 battleaxe!!
The orc knight hits you but does no damage.
You are too injured to fight recklessly!
You are too injured to fight recklessly!
You are too injured to fight recklessly!
You are too injured to fight recklessly!
You are too injured to fight recklessly!
You slice the orc knight!!
You kill the orc knight!
Okawaru accepts your kill.
You slash the orc knight! You slash the orc warlord!
The orc knight hits you with a +3 war axe of freezing!!
The orc knight freezes you.
The orc warlord hits you with a +2 vorpal great mace.
You slice the orc warlord!!
The orc warlord is heavily wounded.
You slice the orc knight!! You hit the orc knight.
The orc knight hits you but does no damage.
The orc knight hits you with a +3 war axe of freezing.
The orc knight freezes you.
The orc warlord hits you with a +2 vorpal great mace!!!
* * * LOW HITPOINT WARNING * * *
x2 You completely miss the orc warlord.
The orc warlord is heavily wounded.
You slash the orc knight! x2
The orc knight hits you with a +0 war axe!
* * * LOW HITPOINT WARNING * * *
The orc knight hits you with a +3 war axe of freezing!!
You die...

#...<..#......#
#......'..(...#
#......#..>...#
########......#
#......#
#......#
#......#
#......#
######@#
#....ooo#
#.......#
#.......#
#.......#
#.<.....+
#.......#
#########


You could see an orc warlord (strong) and 2 orc knights.

Vanquished Creatures
  Vashnia (Snake:3)
  The ghost of riojii the Sorcerer, a veteran DjFE of Hepliaklqana (Vaults:1)
  A tentacled monstrosity (Swamp:3)
  Jorgrun (Orc:1)
  Mlioglotl (Snake:3)
  2 quicksilver dragons (Snake:4)
  The ghost of Zuudghoa the Bludgeoner, an adept DrBe of Trog (Snake:4)
  2 tentacled starspawn (Abyss:3)
  Frances (D:12)
  The ghost of shadowrider38 the Tortoise, an adept GrFE of Vehumet (Snake:2)
  A thorn hunter (Swamp:3)
  Kirke (Lair:4)
  A nagaraja (Snake:4)
  Donald (Orc:2)
  2 fenstrider witches (Swamp:4)
  A frost giant (IceCv)
  3 orc warlords
  Louise (Snake:3)
  2 vault wardens
  Aizul (Snake:3)
  A dire elephant (Lair:6)
  3 eleionomae
  6 ironbound preservers
  3 ironbound thunderhulks
  6 bunyips
  2 entropy weavers (Vaults:1)
  A shambling mangrove (Swamp:2)
  Josephine (D:11)
  A fire dragon (Lair:6)
  3 great orbs of eyes
  A rakshasa (Abyss:3)
  4 vault guards
  Fannar (D:10)
  7 ghost crabs
  4 ice dragons (Swamp:4)
  16 hydras
  2 ogre magi
  5 boulder beetles
  4 salamander tyrants
  3 catoblepae (Lair:6)
  Harold (D:11)
  Erolcha (D:13)
  8 anacondas
  An anaconda (shapeshifter) (D:14)
  5 naga warriors
  Erica (D:8)
  8 centaur warriors
  5 ironbound frosthearts
  18 death yaks
  11 alligators
  5 two-headed ogres
  2 orc high priests
  A tengu warrior (D:14)
  9 shock serpents
  17 naga sharpshooters
  A sun demon (Abyss:3)
  2 wretched stars (Abyss:3)
  2 salamander mystics
  4 goliath frogs
  21 deep trolls
  4 swamp dragons
  4 wizards
  A glowing orange brain (shapeshifter) (Vaults:2)
  6 spriggan druids
  7 lindwurms
  4 naga ritualists
  3 bog bodies
  5 ironbound convokers
  9 orc knights
  2 phantasmal warriors (Vaults:1)
  11 mana vipers
  Pikel (D:7)
  4 harpies (Vaults:1)
  5 deep elf pyromancers
  18 ugly things
  5 orc sorcerers
  9 cyclopes
  A wolf spider (Lair:6)
  A faun (shapeshifter) (D:13)
  A shining eye (shapeshifter) (D:11)
  6 will-o-the-wisps
  A worldbinder (Abyss:3)
  4 manticores
  12 salamanders
  42 black mambas
  A moth of wrath (Snake:4)
  4 guardian serpents (Snake:4)
  5 apocalypse crabs (Swamp:3)
  13 elephants
  An ice statue (IceCv)
  13 naga magi
  15 cane toads
  A torpor snail (Lair:6)
  4 vault sentinels
  3 gargoyles (Volcano)
  A smoke demon (Abyss:3)
  4 molten gargoyles (Volcano)
  3 kobold demonologists (D:12)
  Psyche (D:8)
  An efreet (D:13)
  12 rime drakes
  5 komodo dragons
  5 freezing wraiths
  12 yaktaurs
  2 ancient zymes (Abyss:3)
  A merfolk (D:13)
  11 polar bears
  A meliai (shapeshifter) (D:12)
  11 tyrant leeches
  A wolf spider simulacrum (D:13)
  4 trolls
  4 blink frogs
  5 hornets
  8 slime creatures
  4 raiju (Abyss:3)
  7 dream sheep
  3 shadows
  A centaur simulacrum (D:11)
  3 spriggans (Swamp:2)
  6 wraiths
  A culicivora (shapeshifter) (D:11)
  Sigmund (D:3)
  A vampire (D:12)
  3 water elementals (D:13)
  2 ynoxinuls (Abyss:3)
  3 wyverns
  2 golden eyes (Abyss:3)
  3 humans (Lair:4)
  Grum (D:7)
  3 basilisks
  5 swamp worm simulacra (Swamp:4)
  52 yaks
  A redback (shapeshifter) (D:9)
  4 steam dragons
  7 vampire mosquitoes
  A chaos spawn (Abyss:3)
  4 wargs
  3 redbacks (Vaults:1)
  26 nagas
  13 hydra simulacra (Swamp:4)
  13 swamp worms
  3 acid dragons
  19 water moccasins
  2 large abominations (Abyss:3)
  2 sky beasts
  30 orc warriors
  4 black bears
  7 swamp drakes
  7 ogres
  10 centaurs
  A boggart (D:11)
  53 wolves
  A phantom (D:5)
  4 small abominations (Abyss:3)
  2 lemures (D:6)
  13 bullfrogs
  3 kobold brigands
  2 gnoll sergeants (D:9)
  3 scorpions
  A killer bee (D:9)
  2 howler monkeys (D:10)
  3 wights (D:9)
  8 electric eels
  A bullfrog zombie (D:5)
  2 centaur zombies
  A jelly (D:7)
  2 bullfrog skeletons (D:6)
  2 hounds
  13 orc priests
  A centaur skeleton (D:5)
  4 iguanas
  Jessica (D:3)
  A gnoll shaman (D:6)
  Terence (D:3)
  22 orc wizards
  A killer bee zombie (D:7)
  A hound zombie (D:5)
  A hound skeleton (D:4)
  2 howler monkey zombies
  10 gnolls
  A howler monkey skeleton (D:6)
  5 adders
  A shadow imp (D:6)
  An ufetubus (Abyss:3)
  3 swamp drake simulacra (Swamp:4)
  3 worms
  A dart slug (D:1)
  52 orcs
  6 endoplasms
  7 giant cockroaches
  5 goblins
  3 hobgoblins
  12 jackals
  4 quokkas
  4 ball pythons
  10 bats
  3 frilled lizards
  19 kobolds
  6 rats
  8 briar patches (Swamp:3)
  A starspawn tentacle (Abyss:3)
1115 creatures vanquished.

Vanquished Creatures (others)
  2 bloated husks (Swamp:3)
  A hornet (Swamp:4)
  A spriggan (Swamp:4)
  A swamp worm (Swamp:3)
  An electric eel (D:13)
  An adder (D:3)
  3 briar patches (Swamp:3)
  22 foxfires
  28 fungi
  50 plants
  7 starspawn tentacles (Abyss:3)
117 creatures vanquished.

Grand Total: 1232 creatures vanquished

Notes
Turn   | Place    | Note
-------+----------+-------------------------------------------
     0 | D:1      | ragingrage the Gargoyle Artificer began the quest for the
                  | Orb.
     0 | D:1      | Reached XP level 1. HP: 12/12 MP: 1/1
   191 | D:1      | Reached XP level 2. HP: 13/17 MP: 2/2
   667 | D:1      | Reached XP level 3. HP: 13/22 MP: 1/3
  2316 | D:3      | Noticed Jessica
  2570 | D:3      | Reached XP level 4. HP: 24/28 MP: 4/4
  2801 | D:3      | Noticed Sigmund
  2929 | D:3      | Noticed Terence
  3142 | D:4      | Found a radiant altar of Vehumet.
  3160 | D:4      | Identified the +0 whip "Ymomp" {freeze, rElec rPois Str-5
                  | Dex+3}
  3246 | D:4      | Reached skill level 1 in Axes
  3246 | D:4      | Reached XP level 5. HP: 16/32 MP: 2/5
  3427 | D:4      | Found a staircase to the Ecumenical Temple.
  3436 | Temple   | Entered the Ecumenical Temple
  3687 | Temple   | Became a worshipper of Warmaster Okawaru
  3744 | D:4      | Noticed an ogre
  3756 | D:4      | Killed an ogre
  3757 | D:4      | Reached XP level 6. HP: 32/38 MP: 6/6
  4222 | D:4      | Noticed a black bear
  4239 | D:4      | Killed a black bear
  4240 | D:4      | Reached skill level 2 in Axes
  4589 | D:5      | Entered Level 5 of the Dungeon
  4602 | D:5      | Found Ujadedut's Antique Armour Boutique.
  4612 | D:5      | Reached * piety under Okawaru
  4795 | D:5      | Reached XP level 7. HP: 36/43 MP: 4/7
  4907 | D:5      | Found Worr's Magic Scroll Emporium.
  4998 | D:5      | Bought a scroll of teleportation for 30 gold pieces
  4998 | D:5      | Bought a scroll of identify for 20 gold pieces
  4998 | D:5      | Bought a scroll of enchant weapon for 75 gold pieces
  5136 | D:5      | Reached skill level 3 in Axes
  5492 | D:5      | Found Enom's Assorted Antiques.
  5502 | D:5      | Reached skill level 5 in Fighting
  5502 | D:5      | Reached skill level 5 in Evocations
  5518 | D:5      | Reached ** piety under Okawaru
  5549 | D:5      | Bought a scroll labelled TAOZEBRUIDE for 29 gold pieces
  5630 | D:5      | Found Otwo's Antique Weapon Shoppe.
  5662 | D:5      | Reached skill level 4 in Axes
  5662 | D:5      | Reached XP level 8. HP: 33/49 MP: 5/8
  6179 | D:6      | Found a runed translucent gate.
  6179 | D:6      | Found a runed translucent gate.
  6179 | D:6      | Found a runed translucent gate.
  6205 | D:6      | Reached skill level 1 in Invocations
  6744 | D:6      | Found a sparkling altar of Nemelex Xobeh.
  7006 | D:6      | Found an ornate altar of the Wu Jian Council.
  7151 | D:6      | Reached skill level 5 in Axes
  7210 | D:6      | Noticed bronco's ghost (novice OpVM)
  7210 | D:6      | Noticed comborobin's ghost (novice OgDe)
  7623 | D:7      | Noticed Pikel
  7656 | D:7      | Killed Pikel
  7656 | D:7      | Reached *** piety under Okawaru
  7657 | D:7      | Reached skill level 6 in Axes
  7657 | D:7      | Reached XP level 9. HP: 52/54 MP: 8/11
  8211 | D:7      | Found an ancient bone altar of Kikubaaqudgha.
  8225 | D:7      | Found a shadowy altar of Dithmenos.
  8377 | D:8      | Noticed Grum
  8418 | D:6      | Reached **** piety under Okawaru
  8807 | D:3      | Killed Sigmund
  8808 | D:3      | Reached skill level 7 in Axes
  8823 | D:3      | Killed Jessica
  8834 | D:3      | Killed Terence
  8901 | D:3      | Found a shimmering altar of Xom.
  8957 | D:3      | Found a runed translucent gate.
  8968 | D:3      | Found a runed translucent gate.
  8968 | D:3      | Found an opulent altar of Gozag.
  8969 | D:3      | Found a runed translucent gate.
  9086 | D:3      | Noticed HuGe's ghost (amateur MiBe)
  9320 | D:7      | Killed Grum
  9387 | D:8      | Noticed Erica
  9407 | D:8      | Killed Erica
  9408 | D:8      | Reached skill level 9 in Axes
  9723 | D:8      | Found Nuvos's Neck Hole.
  9728 | D:8      | Reached XP level 10. HP: 59/59 MP: 12/12
  9874 | D:5      | Bought a scorched war axe for 280 gold pieces
  9874 | D:5      | Identified the +7 war axe of the Magi {flame, Dex+4} (You
                  | bought it in a shop on level 5 of the Dungeon)
 10086 | D:8      | Noticed Psyche
 10090 | D:8      | Killed Psyche
 10090 | D:8      | Reached ***** piety under Okawaru
 10367 | D:8      | Reached skill level 10 in Axes
 11406 | D:9      | Reached skill level 11 in Axes
 12078 | D:9      | Identified the +0 pair of gloves of Jaaclie {rC+ rN+ Str+4
                  | Dex+2} (Okawaru gifted it to you on level 9 of the Dungeon)
 12078 | D:9      | Received a gift from Okawaru
 12172 | D:10     | Entered Level 10 of the Dungeon
 12172 | D:10     | Noticed Fannar
 12189 | D:10     | Killed Fannar
 12190 | D:10     | Reached skill level 12 in Axes
 12679 | D:9      | Reached XP level 11. HP: 62/63 MP: 11/13
 13312 | D:10     | Noticed a two-headed ogre
 13335 | D:10     | Killed a two-headed ogre
 13336 | D:10     | Reached skill level 13 in Axes
 13847 | D:10     | Noticed a cyan ugly thing
 13865 | D:10     | Killed a cyan ugly thing
 14045 | D:10     | Identified the +0 pair of boots "Ucasakhi" {rF+}
 14103 | D:10     | Found a staircase to the Lair.
 14397 | D:10     | Found a white marble altar of Elyvilon.
 14575 | D:11     | Found Noownam's Book Shop.
 14575 | D:11     | Noticed a boulder beetle
 14597 | D:11     | Killed a boulder beetle
 14597 | D:11     | Identified the +1 helmet of Spite {rPois rN++ Regen+ rCorr}
                  | (Okawaru gifted it to you on level 11 of the Dungeon)
 14597 | D:11     | Received a gift from Okawaru
 14939 | D:11     | Found a staircase to the Orcish Mines.
 14964 | D:11     | Noticed Josephine
 14964 | D:11     | Noticed a salamander
 14980 | D:11     | Killed Josephine
 14981 | D:11     | Reached skill level 14 in Axes
 15042 | D:11     | Found Setos's Armour Emporium.
 15085 | D:11     | Found Vogaawe's Weapon Shoppe.
 15136 | D:11     | Found Umugan's General Store.
 15139 | D:11     | Bought a potion of heal wounds for 85 gold pieces
 15270 | D:11     | Noticed a cyclops
 15316 | Lair:1   | Entered Level 1 of the Lair of Beasts
 15344 | Lair:1   | Reached ****** piety under Okawaru
 15410 | Lair:1   | Reached XP level 12. HP: 68/68 MP: 14/14
 15434 | Lair:1   | Reached skill level 15 in Axes
 15684 | Lair:1   | Identified the +7 chain mail "Lipaaff" {Will- Int+3 Stlth+}
                  | (Okawaru gifted it to you on level 1 of the Lair of Beasts)
 15684 | Lair:1   | Received a gift from Okawaru
 15697 | Lair:1   | Reached skill level 16 in Axes
 16319 | Lair:2   | Found a staircase to the Snake Pit.
 16411 | Lair:2   | Found a staircase to the Swamp.
 17222 | Lair:3   | Noticed a death yak
 17223 | Lair:3   | Noticed a death yak
 17223 | Lair:3   | Noticed a death yak
 17224 | Lair:3   | Noticed a death yak
 17239 | Lair:2   | Killed a death yak
 17272 | Snake:1  | Entered Level 1 of the Snake Pit
 17272 | Snake:1  | Noticed a naga warrior
 17329 | Lair:3   | Reached skill level 10 in Fighting
 17329 | Lair:3   | Reached XP level 13. HP: 61/82 MP: 8/15
 17335 | Lair:3   | Reached skill level 5 in Armour
 17625 | Lair:3   | Reached skill level 1 in Dodging
 17775 | Lair:3   | Received a gift from Okawaru
 18583 | Lair:4   | Noticed Kirke
 18593 | Lair:4   | Received a gift from Okawaru
 18599 | Lair:4   | Killed Kirke
 18620 | Lair:4   | Found a dark tunnel.
 18632 | Volcano  | Entered a volcano
 18695 | Volcano  | Reached skill level 5 in Invocations
 18776 | Volcano  | Cast into level 3 of the Abyss (a wizard)
 18799 | Abyss:3  | Found a corrupted altar of Lugonu.
 18800 | Abyss:3  | Noticed a tentacled starspawn
 18861 | Abyss:3  | Noticed a hellephant
 18983 | Abyss:3  | Noticed a rakshasa
 19005 | Abyss:3  | Killed a rakshasa
 19199 | Abyss:3  | Noticed a balrug
 19202 | Abyss:3  | Noticed a tentacled starspawn
 19209 | Abyss:3  | Killed a tentacled starspawn
 19221 | Abyss:3  | Noticed a tentacled starspawn
 19239 | Abyss:3  | Killed a tentacled starspawn
 19302 | Abyss:3  | Noticed a bone dragon
 19320 | Volcano  | Escaped the Abyss
 19480 | Volcano  | Noticed an orb of fire
 19516 | Volcano  | Noticed an orb of fire
 19532 | Volcano  | Gained mutation: Your large and strong wings let you fly.
                  | [Gargoyle growth]
 19532 | Volcano  | Reached XP level 14. HP: 63/72 MP: 6/17
 19589 | Volcano  | Received a gift from Okawaru
 20218 | Lair:5   | Found a viscous altar of Jiyva.
 20219 | Lair:5   | Found a staircase to the Slime Pits.
 20252 | Lair:5   | Received a gift from Okawaru
 20957 | Lair:6   | Entered Level 6 of the Lair of Beasts
 21217 | Lair:6   | Reached skill level 5 in Dodging
 21279 | Lair:6   | Identified the +2 ring mail "Xoobovawn" {Harm Will+ Str-4
                  | Int+7} (Okawaru gifted it to you on level 6 of the Lair of
                  | Beasts)
 21279 | Lair:6   | Received a gift from Okawaru
 21348 | Lair:6   | Reached skill level 10 in Armour
 21426 | Lair:6   | Noticed a dire elephant
 21455 | Lair:6   | Killed a dire elephant
 21738 | Lair:6   | Reached skill level 10 in Evocations
 21780 | Lair:6   | Reached XP level 15. HP: 97/97 MP: 18/18
 22586 | Orc:1    | Entered Level 1 of the Orcish Mines
 22601 | Orc:1    | Noticed Jorgrun
 22751 | D:11     | Found Nucyusk's Weapon Shoppe.
 22797 | D:11     | You are sucked into a shaft and drop 1 floor!
 22892 | D:12     | Noticed Frances
 22904 | D:12     | Killed Frances
 22904 | D:12     | Identified the +11 broad axe of Okawaru's Whim {vorpal,
                  | *Rage Will++ Dex+2} (Okawaru gifted it to you on level 12
                  | of the Dungeon)
 22904 | D:12     | Received a gift from Okawaru
 23334 | D:12     | Found Pugiemp's Magic Scroll Boutique.
 23340 | D:12     | Bought a scroll of teleportation for 48 gold pieces
 23340 | D:12     | Bought a scroll of teleportation for 48 gold pieces
 23340 | D:12     | Bought a scroll of identify for 32 gold pieces
 23340 | D:12     | Bought a scroll of identify for 32 gold pieces
 23340 | D:12     | Bought a scroll of identify for 32 gold pieces
 23340 | D:12     | Bought a scroll of identify for 32 gold pieces
 23807 | D:12     | Identified the +8 quarterstaff of Hapueco {vamp, rElec}
 23807 | D:12     | Identified the +5 chain mail of Resonance {+Inv}
 23807 | D:12     | Identified the ring "Hyclaice" {rF+ Dex+3 SInv}
 23808 | D:12     | Got Onusug's Tome of the Blaze
 24150 | D:13     | Identified the +1 robe "Qat Kah" {Str+4} (Okawaru gifted it
                  | to you on level 13 of the Dungeon)
 24150 | D:13     | Received a gift from Okawaru
 24240 | D:13     | Noticed Erolcha
 24249 | D:13     | Killed Erolcha
 24349 | D:13     | Reached skill level 17 in Axes
 24353 | D:13     | Paralysed by an ogre mage for 4 turns
 24471 | D:13     | Identified the amulet "Bitiehixt" {RegenMP rC- rN+ Str+7
                  | Int-5}
 24557 | D:13     | Found a frozen archway.
 24578 | IceCv    | Entered an ice cave
 24726 | IceCv    | Noticed a frost giant
 24806 | IceCv    | Killed a frost giant
 24807 | IceCv    | Reached XP level 16. HP: 72/106 MP: 10/19
 24926 | IceCv    | Reached skill level 18 in Axes
 25651 | D:13     | Found a gate to the Vaults.
 25851 | D:14     | Received a gift from Okawaru
 26286 | D:14     | Found Zutumn's Weapon Shop.
 26846 | Orc:1    | Killed Jorgrun
 27241 | Orc:2    | Entered Level 2 of the Orcish Mines
 27363 | Orc:2    | Found Feziuwet's Magic Scroll Boutique.
 27373 | Orc:2    | Bought a scroll of blinking for 105 gold pieces
 27373 | Orc:2    | Bought a scroll of teleportation for 42 gold pieces
 27373 | Orc:2    | Bought a scroll of teleportation for 42 gold pieces
 27462 | Orc:2    | Found a staircase to the Elven Halls.
 27734 | Orc:2    | Noticed Donald
 27775 | Orc:2    | Killed Donald
 28151 | Orc:2    | Reached skill level 15 in Fighting
 28236 | Orc:2    | Received a gift from Okawaru
 28351 | Orc:2    | Found Kezol's Jewellery Shop.
 28391 | Orc:2    | Found Leghit's General Store.
 28406 | Orc:2    | Found Qokkaiwk's Antique Weapon Shop.
 28422 | Orc:2    | Found Biyd's Antique Armour Shop.
 28429 | Orc:2    | Bought a glowing scarf for 256 gold pieces
 28690 | D:11     | Noticed Harold
 28701 | D:11     | Killed Harold
 28892 | Swamp:1  | Entered Level 1 of the Swamp
 28969 | Swamp:1  | Received a gift from Okawaru
 29550 | Swamp:2  | Reached XP level 17. HP: 64/113 MP: 10/20
 30038 | Swamp:2  | Identified the +1 pair of boots of Okawaru's Regard {rF+
                  | Will++ Int+3 Stlth+} (Okawaru gifted it to you on level 2
                  | of the Swamp)
 30038 | Swamp:2  | Received a gift from Okawaru
 30721 | Swamp:3  | Noticed a tentacled monstrosity
 30750 | Swamp:3  | Killed a tentacled monstrosity
 31178 | Swamp:3  | Found a runed translucent door.
 31661 | Swamp:4  | Entered Level 4 of the Swamp
 31996 | Swamp:4  | Received a gift from Okawaru
 32477 | Swamp:4  | Got a decaying rune of Zot
 32823 | Snake:1  | You are sucked into a shaft and drop 1 floor!
 32835 | Snake:2  | Reached XP level 18. HP: 122/122 MP: 18/21
 32987 | Snake:1  | Received a gift from Okawaru
 32988 | Snake:1  | Reached skill level 19 in Axes
 33230 | D:5      | Bought a runed arbalest for 247 gold pieces
 33450 | Snake:1  | Found Ulemouqi's General Store.
 33452 | Snake:1  | Found Peraenk's General Store.
 33474 | Snake:1  | Bought a potion of haste for 130 gold pieces
 33474 | Snake:1  | Bought a potion of ambrosia for 104 gold pieces
 33654 | Snake:1  | Reached skill level 1 in Crossbows
 34105 | Snake:2  | Found a runed translucent door.
 34107 | Snake:2  | Noticed shadowrider38's ghost (adept GrFE)
 34162 | Snake:2  | Killed shadowrider38's ghost
 34871 | Snake:3  | Found an ornate altar of the Wu Jian Council.
 34877 | Snake:3  | Noticed Vashnia
 34890 | Snake:3  | Killed Vashnia
 34890 | Snake:3  | Received a gift from Okawaru
 35247 | Snake:3  | Noticed Louise
 35253 | Snake:3  | Killed Louise
 35443 | Snake:3  | Noticed Aizul
 35453 | Snake:3  | Killed Aizul
 35491 | Snake:3  | Noticed Mlioglotl
 35494 | Snake:3  | Paralysed by an air elemental for 1 turns
 35499 | Snake:3  | Killed Mlioglotl
 35555 | Snake:3  | Found Zurphyj's Antique Weapon Boutique.
 35559 | Snake:3  | Bought a runed broad axe for 196 gold pieces
 35870 | Snake:4  | Entered Level 4 of the Snake Pit
 36019 | Snake:4  | Found a transporter.
 36066 | Snake:4  | Identified the +0 chain mail "Ecun" {rPois rCorr Int+5
                  | Stlth-}
 36083 | Snake:4  | Found a transporter.
 36086 | Snake:4  | Noticed Zuudghoa's ghost (adept DrBe)
 36306 | Snake:4  | Found Kexiss's Gadget Gallery.
 36314 | Snake:4  | Bought a condenser vane for 600 gold pieces
 36752 | Snake:4  | Identified the quicksilver dragon scales of the Sun {rF+++
                  | Will+ MP-9} (Okawaru gifted it to you on level 4 of the
                  | Snake Pit)
 36752 | Snake:4  | Received a gift from Okawaru
 37355 | Snake:4  | Noticed a quicksilver dragon
 37365 | Snake:4  | Killed a quicksilver dragon
 37366 | Snake:4  | Reached skill level 5 in Crossbows
 37384 | Snake:4  | Reached XP level 19. HP: 124/129 MP: 18/22
 37532 | Snake:4  | Got a serpentine rune of Zot
 37630 | Snake:4  | Killed Zuudghoa's ghost
 37637 | Snake:4  | Identified the ring "Xuthrirhe" {EV+4 SInv}
 37964 | Vaults:1 | Entered Level 1 of the Vaults
 38327 | Orc:2    | Bought a scroll of enchant weapon for 127 gold pieces
 38327 | Orc:2    | Bought a scroll of enchant armour for 127 gold pieces
 38517 | Vaults:1 | Paralysed by a great orb of eyes for 6 turns
 38840 | Vaults:1 | Reached skill level 15 in Evocations
 39207 | Vaults:1 | Found a runed translucent gate.
 39207 | Vaults:1 | Found a runed translucent gate.
 39207 | Vaults:1 | Found a runed translucent gate.
 39427 | Vaults:1 | Identified the +3 buckler of Quplefol {Contam Int+6 Dex+6}
                  | (Okawaru gifted it to you on level 1 of the Vaults)
 39427 | Vaults:1 | Received a gift from Okawaru
 39684 | Vaults:1 | Noticed riojii's ghost (veteran DjFE)
 39879 | Vaults:1 | Reached skill level 20 in Axes
 40023 | Vaults:1 | Killed riojii's ghost
 41007 | Vaults:2 | Reached XP level 20. HP: 139/139 MP: 25/25
 41031 | Vaults:2 | Slain by an orc knight

Illustrated notes

Levels and vault maps discovered:
D:1:      dpeg_arrival_lava_temple_mockup, layout_basic,
          chequers_serial_rivers_small_a, chequers_big_river
D:2:      layout_basic, minmay_bisected
D:3:      layout_rooms, mainiacjoe_overflow_six_doors_small,
          ebering_ghost_gozag, grunt_decor_resistance, minivault_23,
          grunt_decor_one_mirror, uniq_terence, uniq_sigmund, uniq_jessica
D:4:      layout_gridville, nicolae_vehumet_altar_sigil,
          minmay_temple_entry_statues_fountains, kennysheep_nondescript
D:5:      layout_basic, serial_shops, nicolae_shop_crystal, shop,
          nicolae_shop_hallway_plus, nicolae_shop_overgrown_old_shop,
          minmay_misc_feat_enclosed
D:6:      layout_layer_cave, pdpol_wu_jian_five_deadly_venoms,
          nemelex_spade_bored_becter, gammafunk_ghost_cemetery
D:7:      layout_rooms, mainiacjoe_overflow_catwalk_spiral, uniq_pikel
D:8:      layout_loops_corners, nicolae_shop_sticking_my_neck_out, uniq_erica,
          uniq_psyche, uniq_grum
D:9:      layout_loops_ring, nicolae_zen_rock_garden
D:10:     layout_rooms, marbit_many_paths, lair_entry_dummy,
          minmay_mirror_moons_of_madness, uniq_fannar
D:11:     minmay_blocky_corners, layout_basic, serial_shops, shop,
          kennysheep_little_box, nicolae_lakefront_shop, nicolae_shop_trees,
          shop, uniq_harold, uniq_josephine
D:12:     minmay_the_grid_four_pointed_star_mashed
          [minmay_the_grid_triangle_9x9_minimal,
          minmay_the_grid_triangle_9x9_empty,
          minmay_the_grid_triangle_9x9_alien,
          minmay_the_grid_triangle_9x9_empty,
          minmay_the_grid_prize_shrinking_boxes], layout_long_grid,
          serial_shops, shop, uniq_frances
D:13:     layout_basic, david_vaults_5, portal_ice_cave_entry_pillars_2,
          hangedman_fish_farm, uniq_erolcha
D:14:     layout_loops_cross, minmay_misc_feat_iff, serial_shops,
          nicolae_shop_hallway_plus
Temple:   regret_index_temple_generic_petals
Lair:1:   layout_hall_layers, grunt_forest_large_clearings, serial_bayou_shore_a
Lair:2:   layout_long_grid, minmay_swamp_entry_swarm,
          minmay_snake_entry_six_corridors, beast_lair_carwin_11
Lair:3:   layout_small_grid
Lair:4:   layout_small_grid, nicolae_volcano_entry_lava_flow,
          serial_bayou_pond_c, uniq_kirke
Lair:5:   layout_long_grid, slime_altar_1, infiniplex_staircase_pool_2,
          grunt_megastairs_5
Lair:6:   hangedman_lair_in_review, layout_hall_layers,
          guppyfry_lair_end_dragon, cheibrodos_lair_lostbears
Swamp:1:  layout_basic_swamp, nicolae_swamp_decorative_isthmus, swamp_pool5
Swamp:2:  layout_basic_swamp, hangedman_swamp_pad
Swamp:3:  gammafunk_mikee_crab_dinner, layout_falls_marsh,
          hangedman_swamp_blocks
Swamp:4:  swamp_icy, layout_basic_swamp
Snake:1:  layout_grid_maze, minmay_shoptagon
Snake:2:  layout_rooms, hellmonk_ghost_happy_afterlife, grunt_megastairs_2,
          serial_bayou_shore_b
Snake:3:  layout_layer_cave, basic_altar, minmay_shop_star, uniq_louise,
          uniq_vashnia, uniq_aizul, uniq_mlioglotl
Snake:4:  hellmonk_snake_rune_quicksilver_temple, layout_cave_town,
          gammafunk_ghost_berserking_beasts, nicolae_shop_gadgets
Orc:1:    layout_caves, uniq_jorgrun
Orc:2:    grunt_orc_cross, layout_diamond_mine, serial_shops, shop, uniq_donald
Vaults:1: ebering_ghost_rock_garden, v_alt_pattern_1, hangedman_vaults_stream,
          nicolae_vaults_hallways_thing, ontoclasm_vaults_misaligned,
          nicolae_vaults_network_quincunx
          [nicolae_vaults_network_quincunx_subvault,
          nicolae_vaults_network_quincunx_subvault,
          nicolae_vaults_network_quincunx_subvault,
          nicolae_vaults_network_quincunx_subvault,
          nicolae_vaults_network_quincunx_subvault], v_misc_5,
          nicolae_vaults_little_squares_4, vaults_room_door_hall,
          vaults_mumra_chevron, ontoclasm_vaults_misaligned,
          vaults_room_grunt_arrival_ludios, ontoclasm_vaults_spin,
          vaults_dpeg_hooks, grunt_vaults_hallway_short, layout_vaults_omnicross
Vaults:2: minmay_crypt_entry_necro_gods, nicolae_vaults_little_squares_6,
          ontoclasm_vaults_gateway, hangedman_vaults_impose,
          hangedman_vaults_corner_blocks, v_alt_pattern_6,
          nicolae_vaults_quadrants, nicolae_vaults_network_s, v_misc_28,
          nicolae_vaults_ring_of_whatevers, grunt_vaults_trifunnel, v_misc_2,
          nicolae_vaults_asterisk, layout_vaults_omnibox

Skill      XL: |  1  2  3  4  5  6  7  8  9 10 11 12 13 14 15 16 17 18 19 |
---------------+----------------------------------------------------------+-----
Evocations     | 3 4 5 6 7 8 10 11 12 13 14 15 | 15.0
Fighting       | 2 3 4 5 10 11 12 14 15 16 17 19 | 19.0
Axes           | 1 2 4 6 9 12 14 16 17 18 19 20 | 20.3
Armour         | 3 4 8 10 12 13 | 13.0
Invocations    | 3 5 7 |  7.7
Dodging        | 3 5 |  5.0
Crossbows      | 5 |  5.6
Stealth        | |  1.1

Action                   |  1- 3 |  4- 6 |  7- 9 | 10-12 | 13-15 | 16-18 | 19-21 || total
-------------------------+-------+-------+-------+-------+-------+-------+-------++-------
Melee: Club              |    36 |       |       |       |       |       |       ||    36
       Mace              |    23 |       |       |       |       |       |       ||    23
       Dagger            |    83 |   108 |   191 |       |       |       |       ||   382
       Punch             |     1 |     2 |     7 |       |     3 |       |       ||    13
       Flail             |       |    25 |    34 |       |       |       |       ||    59
       War axe           |       |       |     5 |   463 |  1037 |   684 |       ||  2189
       Whip              |       |       |    33 |       |       |       |       ||    33
       Long sword        |       |       |    28 |       |       |       |       ||    28
       Broad axe         |       |       |       |       |       |   573 |   287 ||   860
       Unarmed           |       |       |       |       |       |    11 |       ||    11
       Executioner's axe |       |       |       |       |       |       |    14 ||    14
Throw: Dart              |       |    13 |    13 |    18 |     4 |     5 |       ||    53
       Throwing net      |       |       |       |       |     2 |       |       ||     2
Invok: Heroism           |       |       |     4 |     4 |     6 |     1 |     1 ||    16
       Finesse           |       |       |       |       |     4 |     1 |     1 ||     6
Evoke: Piece from Xom's  |       |     3 |     2 |     1 |       |       |       ||     6
       Wand              |       |     1 |     5 |       |       |     6 |       ||    12
       Phial of floods   |       |       |       |       |     1 |       |       ||     1
       Tin of tremorston |       |       |       |       |       |     1 |       ||     1
       Condenser vane    |       |       |       |       |       |       |     1 ||     1
  Use: Scroll            |       |       |    11 |     4 |    13 |     4 |     4 ||    36
       Potion            |       |       |     1 |     1 |     5 |       |     1 ||     8
 Stab: Confused          |       |       |     1 |       |       |       |       ||     1
       Paralysed         |       |       |       |     1 |       |     2 |       ||     3
       Petrified         |       |       |       |       |    13 |       |       ||    13
       Petrifying        |       |       |       |       |     2 |       |       ||     2
       Held in net/web   |       |       |       |       |     4 |       |       ||     4
       Distracted        |       |       |       |       |       |     2 |       ||     2
       Invisible         |       |       |       |       |       |       |     7 ||     7
Armor: Leather armour    |    57 |       |       |       |       |       |       ||    57
       Scale mail        |    26 |    87 |   183 |    41 |       |       |       ||   337
       Plate armour      |       |       |       |   214 |       |       |       ||   214
       Chain mail        |       |       |       |    90 |   763 |   868 |   213 ||  1934
       Skin              |       |       |       |       |       |     2 |       ||     2
Dodge: Dodged            |    90 |    71 |   173 |   167 |   446 |   514 |   117 ||  1578

Table legend: (Time is in decaauts)
 A = Elapsed time spent in this place.
 B = Non-inter-level travel time spent in this place.
 C = Inter-level travel time spent in this place.
 D = Time resting spent in this place.
 E = Time spent auto-exploring this place.
 F = Levels seen in this place.
 G = Mean time per level.
                   A        B        C        D        E       F      G
               +--------+--------+--------+--------+--------+-----+--------+
         Total |  40935 |  37361 |   3574 |   7225 |  21903 |  36 | 1137.1 |
       Dungeon |  19618 |  17434 |   2184 |   3835 |  10479 |  14 | 1401.3 |
        Temple |    269 |    220 |     49 |      0 |    207 |   1 |  269.0 |
          Lair |   6215 |   5578 |    637 |    290 |   4030 |   6 | 1035.8 |
         Swamp |   3569 |   3327 |    242 |    471 |   1864 |   4 |  892.2 |
     Snake Pit |   5038 |   4754 |    284 |   1021 |   2652 |   4 | 1259.5 |
  Orcish Mines |   1888 |   1750 |    138 |    424 |    831 |   2 |  944.0 |
        Vaults |   2661 |   2624 |     37 |    790 |   1425 |   2 | 1330.5 |
         Abyss |    500 |    500 |      0 |     99 |     13 |   1 |  500.0 |
      Ice Cave |    622 |    622 |      0 |    124 |    266 |   1 |  622.0 |
       Volcano |    551 |    551 |      0 |    168 |    135 |   1 |  551.0 |
               +--------+--------+--------+--------+--------+-----+--------+

Top non-repeatable levels by time:
     D:9: 2360 daAuts
 Snake:4: 2008 daAuts
     D:6: 1753 daAuts
     D:5: 1718 daAuts
Vaults:1: 1691 daAuts
    D:10: 1639 daAuts
    D:11: 1467 daAuts
   Orc:2: 1462 daAuts
     D:4: 1450 daAuts
  Lair:6: 1397 daAuts
     D:1: 1376 daAuts
    D:12: 1358 daAuts
     D:8: 1281 daAuts
     D:2: 1230 daAuts
  Lair:2: 1208 daAuts
